[Event "Catalonia Championship Veterans 2024"]
[Site "Salou Tarragona"]
[Date "2024.05.15"]
[Round "5.3"]
[White "Jove Grau, Lluis"]
[Black "Parals Marce, Luis"]
[Result "0-1"]
[ECO "A03"]
[WhiteElo "2049"]
[BlackElo "2000"]
[Annotator "RC"]
[PlyCount "106"]
[EventDate "2024.05.11"]
[EventType "swiss"]
[EventCountry "ESP"]
[SourceTitle "playchess.com"]
[Source "ChessBase"]
[SourceQuality "1"]
[TimeControl "5400+30"]

1. f4 Nf6 2. Nf3 g6 3. d3 d5 4. g3 Bg7 5. Bg2 O-O 6. O-O c5 7. Nc3 d4 8. Na4 Na6 9. c4 Rb8 10. Rb1 Nd7 11. a3 b6 12. b4 Bb7 13. e4 dxe3 14. Bxe3 Qc8 15. Qc2 cxb4 16. axb4 e5 17. Nc3 Nc7 18. Nxe5 Nxe5 19. fxe5 Bxe5 20. d4 Bg7 21. d5 Qd7 22. Rbd1 Na6 23. Qd2 Rbc8 24. Bd4 f5 25. b5 Nc5 26. Bxg7 Qxg7 27. d6 Bxg2 28. Kxg2 Rcd8 29. Rfe1 Rd7 30. Nd5 Ne4 31. Ne7+ Kh8 32. Qb4 Rfd8 33. Nc6 Re8 34. Rd5 Qf6 35. Red1 Nc3 36. R5d3 Nxd1 37. Rxd1 Re6 38. Ne7 Rdxd6 39. Nd5 Qe5 40. Rd2 g5 41. h3 f4 42. Qb2 Qxb2 43. Rxb2 Re4 44. Rc2 fxg3 45. Kxg3 h5 46. Kf3 Rh4 47. Kg3 Re6 48. Ra2 Rxc4 49. Rxa7 Rc5 50. Rd7 Rxb5 51. Nc7 Rb3+ 52. Kf2 Rf6+ 53. Kg2 Rc6 0-1

[Event "Catalonia Championship Veterans 2024"]
[Site "Salou Tarragona"]
[Date "2024.05.15"]
[Round "5.4"]
[White "Tosan Pereira, Felipe"]
[Black "Torrecillas Martinez, Antonio"]
[Result "1/2-1/2"]
[ECO "A07"]
[WhiteElo "2062"]
[BlackElo "2298"]
[Annotator "RC"]
[PlyCount "100"]
[EventDate "2024.05.11"]
[EventType "swiss"]
[EventCountry "ESP"]
[SourceTitle "playchess.com"]
[Source "ChessBase"]
[SourceQuality "1"]
[TimeControl "5400+30"]

1. e4 e6 2. d3 d5 3. Nd2 Nf6 4. Ngf3 Nc6 5. c3 Bd6 6. g3 O-O 7. Bg2 dxe4 8. dxe4 e5 9. O-O a5 10. Re1 Bc5 11. h3 b6 12. Qa4 Bd7 13. Qc2 Qc8 14. Nb3 Bd6 15. Kh2 h6 16. Nbd2 Be6 17. Nf1 Ne7 18. Nh4 g5 19. Nf3 Kg7 20. g4 Qd7 21. Ng3 Rad8 22. Be3 Qc6 23. Qc1 Ng6 24. Nf5+ Bxf5 25. gxf5 Nf4 26. Bxf4 gxf4 27. Qc2 Ng8 28. Rad1 f6 29. Rd3 Be7 30. Nh4 Qc5 31. Rxd8 Rxd8 32. Qe2 Kf8 33. Ng6+ Ke8 34. Qh5 Rd2 35. Nxf4+ Kd7 36. Rd1 Qxf2 37. Rxd2+ Qxd2 38. Ne6 Bd6 39. Qf7+ Ne7 40. Qxf6 Qxb2 41. Nf8+ Ke8 42. Qh8 Qxa2 43. Ne6+ Kd7 44. Qd8+ Kc6 45. Qe8+ Kb7 46. Nd8+ Ka6 47. f6 Nf5 48. Qc6 Ne3 49. Qb7+ Kb5 50. Qc6+ Ka6 1/2-1/2

[Event "Catalonia Championship Veterans 2024"]
[Site "Salou Tarragona"]
[Date "2024.05.15"]
[Round "5.5"]
[White "Pogorelov, Ruslan"]
[Black "Noria Silvestre, Joaquin"]
[Result "0-1"]
[ECO "E94"]
[WhiteElo "2282"]
[BlackElo "2126"]
[Annotator "RC"]
[PlyCount "134"]
[EventDate "2024.05.11"]
[EventType "swiss"]
[EventCountry "ESP"]
[SourceTitle "playchess.com"]
[Source "ChessBase"]
[SourceQuality "1"]
[TimeControl "5400+30"]

1. Nf3 Nf6 2. c4 d6 3. d4 Nbd7 4. Nc3 e5 5. e4 exd4 6. Nxd4 g6 7. Be2 Bg7 8. O-O Nc5 9. f3 O-O 10. Be3 a5 11. Ndb5 b6 12. Qd2 Bb7 13. Rad1 Qe7 14. Bg5 Ne6 15. Bh4 Rfe8 16. Nd5 Bxd5 17. cxd5 Nc5 18. Bg5 Qd7 19. Be3 Rf8 20. Nd4 Ne8 21. Bb5 Qc8 22. Rfe1 Nf6 23. Nc6 Kh8 24. Bd4 Nfd7 25. f4 f6 26. Re2 Qe8 27. Rde1 Qf7 28. Bc3 Rae8 29. Nd4 Re7 30. f5 Ne5 31. Ne6 gxf5 32. Bxe5 fxe5 33. Nxf8 Qxf8 34. exf5 e4 35. Rf1 Qf6 36. Kh1 Re5 37. g4 Bh6 38. Qd4 Bg5 39. a3 e3 40. h4 Bxh4 41. Rxe3 Qh6 42. Rh3 Ne4 43. Kg2 Qg5 44. Be2 Nf6 45. Bf3 Nh5 46. Bd1 Nf6 47. Qf4 Qxf4 48. Rxf4 Bg5 49. Rd4 Nxd5 50. Rf3 c5 51. Rdd3 Kg7 52. Kg3 b5 53. Rf1 c4 54. Rdf3 Kf6 55. R3f2 Ne3 56. Rh1 h6 57. Bf3 d5 58. Re2 d4 59. Rhe1 d3 60. Rxe3 Bxe3 61. Kg2 b4 62. axb4 axb4 63. Ra1 c3 64. bxc3 bxc3 65. Ra6+ Ke7 66. f6+ Kf7 67. g5 Rxg5+ 0-1

[Event "Catalonia Championship Veterans 2024"]
[Site "Salou Tarragona"]
[Date "2024.05.15"]
[Round "5.6"]
[White "Saldana Caballe, Enric"]
[Black "Brusi Noguera, Ricardo Ll."]
[Result "1/2-1/2"]
[ECO "B05"]
[WhiteElo "1967"]
[BlackElo "2059"]
[Annotator "RC"]
[PlyCount "68"]
[EventDate "2024.05.11"]
[EventType "swiss"]
[EventCountry "ESP"]
[SourceTitle "playchess.com"]
[Source "ChessBase"]
[SourceQuality "1"]
[TimeControl "5400+30"]

1. e4 Nf6 2. e5 Nd5 3. d4 d6 4. Nf3 Bg4 5. Be2 e6 6. c4 Nb6 7. O-O Be7 8. Be3 O-O 9. Nc3 d5 10. cxd5 exd5 11. h3 Bxf3 12. Bxf3 c6 13. b3 Na6 14. Ne2 Nc7 15. Bg4 f5 16. exf6 Bxf6 17. Bf4 Re8 18. Rc1 Nc8 19. Qd3 Nd6 20. Rfe1 Ne6 21. Be5 Ne4 22. f3 Bxe5 23. dxe5 Qb6+ 24. Kh2 Nf2 25. Bxe6+ Rxe6 26. Qd4 Rae8 27. Kg3 Qxd4 28. Nxd4 Nd3 29. Nxe6 Rxe6 30. f4 Nxc1 31. Rxc1 g5 32. Re1 gxf4+ 33. Kxf4 Kf7 34. Kf5 Rh6 1/2-1/2

[Event "Catalonia Championship Veterans 2024"]
[Site "Salou Tarragona"]
[Date "2024.05.15"]
[Round "5.7"]
[White "Lacasa Diaz, Josep Anton"]
[Black "Sanchez Criado, Lluis"]
[Result "1-0"]
[ECO "D42"]
[WhiteElo "2335"]
[BlackElo "2060"]
[Annotator "TA"]
[PlyCount "109"]
[EventDate "2024.05.11"]
[EventType "swiss"]
[EventCountry "ESP"]
[SourceTitle "playchess.com"]
[Source "ChessBase"]
[SourceQuality "1"]
[TimeControl "5400+30"]

1. Nf3 d5 2. c4 e6 3. e3 Nf6 4. Nc3 c5 5. cxd5 Nxd5 6. d4 Nc6 7. Bd3 Be7 8. O-O O-O 9. Qe2 b6 10. Rd1 Nxc3 11. bxc3 Qc7 12. Bb2 Bb7 13. e4 Na5 14. Rac1 c4 (14... Rfd8 $11) 15. Bb1 Rad8 16. Re1 Rfe8 17. e5 b5 18. h4 Bxf3 19. Qxf3 Nc6 20. Qe4 g6 21. Rcd1 (21. Re3 $16) 21... Bf8 22. h5 Ne7 23. Re3 a5 (23... Nd5 $14) 24. Rh3 $1 $16 b4 25. a3 ({Better is} 25. Bc1 $1 $16) 25... bxc3 26. Bc1 (26. Rxc3 Rb8 27. Rc2 Rec8 $11) 26... Rb8 (26... Rd7 $1 $14) 27. Bc2 $1 $16 (27. Rxc3 Rb3 28. Rxb3 cxb3 $11) (27. hxg6 $6 fxg6 28. Rxc3 Nd5 $11) 27... Nd5 $2 (27... Rb6 $16 {might work better.} 28. Qg4 (28. Rxc3 Nd5 $14) 28... Reb8) 28. Qh4 $18 Be7 29. Qg4 Bf8 30. Ba4 $2 ({White should try} 30. Bg5 $18) 30... Re7 $1 $14 {[%emt 0:03:29] [#]} 31. Bg5 $1 Rb2 ({Black should play} 31... Rb3 $1 $14) 32. Rc1 $16 Qb7 (32... Qc8 $16 {was necessary.}) 33. hxg6 $18 fxg6 34. Bxe7 Qxe7 {[%emt 0:00:06] [#]} 35. Bc2 (35. Bc6 $142 $1) 35... Qf7 $16 36. Rf3 Qe8 37. Be4 (37. Ba4 $14 {is superior.} Qc8 38. Rfxc3 Nxc3 39. Rxc3) 37... c2 $2 (37... Bxa3 $11 38. Bxd5 exd5) 38. Rxc2 $18 Rxc2 39. Bxc2 c3 40. Ba4 Qc8 41. Bb3 Qc6 (41... Kg7 $142 42. Bc2 Bxa3) 42. a4 Ba3 43. Bc2 Qe8 44. Bb3 Qc6 45. Qe4 Bb2 $2 (45... Be7 46. Kh2 Qd7) 46. Bc2 Qe8 47. Rg3 Nb4 (47... Qf7 {is a better defense.} 48. Rf3 Qe7) 48. Bb3 $18 Qd7 (48... Qe7 $142 49. Qa8+ Kg7) 49. Qa8+ $18 Kg7 50. Rf3 (50. Qxa5 c2 51. Bxc2 (51. Qxb4 $2 c1=Q+ 52. Kh2 Bxd4 $19) 51... Nxc2 $18) 50... Qe7 51. Qc8 ({Inferior is} 51. Bxe6 c2 52. Qg8+ (52. Qxa5 c1=Q+ 53. Kh2 Qh4+ 54. Rh3 Qhf4+ 55. Rg3 Bxd4 56. Qd8 Bxf2 57. Qg8+ Kh6) 52... Kh6 53. Rh3+ Kg5 54. Rg3+ (54. Qxh7 c1=Q+ 55. Kh2 Qxh7 56. Rxh7 Qf4+ 57. Kg1 Bxd4 58. Rf7 Bxf2+ 59. Kf1 Qd2 60. g3 Qe1+ 61. Kg2 Bd4) (54. f4+ $2 Kxf4 55. Rf3+ Ke4 $19) 54... Kh6 55. Rh3+ Kg5 56. Rg3+ (56. Qxh7 $2 c1=Q+ 57. Kh2 Qf4+ 58. Rg3+ Qxg3+ 59. Kxg3 Qxh7 $19) (56. f4+ $2 Kxf4 57. Rf3+ Ke4 $19) 56... Kh5 $11) 51... Nd5 52. Bxd5 exd5 53. e6 Kh6 54. Rf7 c2 55. Rxe7 1-0

[Event "Catalonia Championship Veterans 2024"]
[Site "Salou Tarragona"]
[Date "2024.05.15"]
[Round "5.8"]
[White "Franzoni Ladron de Guevara, Enric"]
[Black "Fernandez Muixi, Francesc"]
[Result "0-1"]
[ECO "B31"]
[WhiteElo "1854"]
[BlackElo "1988"]
[Annotator "RC"]
[PlyCount "141"]
[EventDate "2024.05.11"]
[EventType "swiss"]
[EventCountry "ESP"]
[SourceTitle "playchess.com"]
[Source "ChessBase"]
[SourceQuality "1"]
[TimeControl "5400+30"]

1. e4 c5 2. Nf3 Nc6 3. Bb5 g6 4. O-O Bg7 5. Bxc6 dxc6 6. d3 Nf6 7. h3 Nd7 8. Nbd2 Qc7 9. Re1 e5 10. a4 b6 11. Nc4 Nf8 12. b3 Ne6 13. c3 O-O 14. Be3 Rd8 15. Qc2 Ba6 16. Red1 Rd7 17. Nb2 Rad8 18. c4 f6 19. g3 Bc8 20. Kg2 a5 21. Rh1 Bf8 22. Rag1 Rf7 23. Qe2 Bg7 24. Kf1 Qd6 25. Ke1 Nd4 26. Nxd4 cxd4 27. Bc1 Qb4+ 28. Qd2 Qxb3 29. g4 Bf8 30. Ke2 Bb4 31. Qd1 Qxd1+ 32. Nxd1 c5 33. f4 Bd7 34. Nb2 Ba3 35. f5 gxf5 36. gxf5+ Kf8 37. h4 Bxb2 38. Bxb2 Bxa4 39. h5 Rg7 40. h6 Rxg1 41. Rxg1 Rd7 42. Ba3 Bb3 43. Kd2 Ba4 44. Rb1 Rd6 45. Rxb6 Rxb6 46. Bxc5+ Ke8 47. Bxb6 Kd7 48. Bxa5 Bb3 49. Bb4 Ba4 50. Kc1 Bb3 51. Be1 Ba4 52. Bh4 Ke7 53. Kb2 Bd1 54. c5 Ba4 55. Ka3 Bb5 56. Kb4 Bxd3 57. c6 Bxe4 58. Kc5 Bxf5 59. Kc4 Bc8 60. Kd5 Bh3 61. Be1 Kf7 62. c7 Bc8 63. Bb4 Bb7+ 64. Kd6 Kg6 65. Ke7 f5 66. Bd2 e4 67. Bf4 Kh5 68. Kf6 Kg4 69. Ke5 d3 70. Bd2 Kf3 71. Kd4 0-1

[Event "Catalonia Championship Veterans 2024"]
[Site "Salou Tarragona"]
[Date "2024.05.15"]
[Round "5.9"]
[White "Sanchez Bernardino, Miguel Angel"]
[Black "Melero Sanchez, Pere"]
[Result "1/2-1/2"]
[ECO "B12"]
[WhiteElo "1954"]
[BlackElo "1934"]
[Annotator "RC"]
[PlyCount "54"]
[EventDate "2024.05.11"]
[EventType "swiss"]
[EventCountry "ESP"]
[SourceTitle "playchess.com"]
[Source "ChessBase"]
[SourceQuality "1"]
[TimeControl "5400+30"]

1. e4 c6 2. d4 d5 3. e5 Bf5 4. h4 h5 5. Bd3 Bxd3 6. Qxd3 e6 7. Bg5 Qa5+ 8. Nd2 Qa6 9. c4 c5 10. Ngf3 Nc6 11. dxc5 Bxc5 12. O-O Nge7 13. a3 dxc4 14. Nxc4 b5 15. Ncd2 Rd8 16. Qe2 Rd5 17. Nb3 Bb6 18. Rfd1 Qb7 19. Rac1 O-O 20. Rxd5 Nxd5 21. Nc5 Bxc5 22. Rxc5 a6 23. Nd2 Qb6 24. b4 a5 25. Qxb5 Qxb5 26. Rxb5 axb4 27. axb4 Ncxb4 1/2-1/2

[Event "Catalonia Championship Veterans 2024"]
[Site "Salou Tarragona"]
[Date "2024.05.15"]
[Round "5.10"]
[White "Cuadras Avellana, Jordi"]
[Black "Coll Sola, Joan"]
[Result "1/2-1/2"]
[ECO "D75"]
[WhiteElo "2176"]
[BlackElo "1952"]
[Annotator "RC"]
[PlyCount "117"]
[EventDate "2024.05.11"]
[EventType "swiss"]
[EventCountry "ESP"]
[SourceTitle "playchess.com"]
[Source "ChessBase"]
[SourceQuality "1"]
[TimeControl "5400+30"]

1. c4 Nf6 2. Nc3 d5 3. cxd5 Nxd5 4. Nf3 g6 5. g3 Bg7 6. Bg2 O-O 7. O-O c5 8. d4 cxd4 9. Nxd4 Nxc3 10. bxc3 a6 11. Qb3 Qc7 12. Ba3 Re8 13. Rab1 e5 14. Nc2 Nc6 15. Ne3 Na5 16. Nd5 Qd8 17. Qb6 Be6 18. Qxd8 Rexd8 19. Nb6 Rab8 20. Bb4 Nc4 21. Nxc4 Bxc4 22. Ba5 Rd2 23. Bxb7 Bxa2 24. Rb6 Bc4 25. Rfb1 Bxe2 26. Bb4 e4 27. Rd6 Rxd6 28. Bxd6 Rd8 29. Bb4 Bd3 30. Re1 f5 31. f3 Bh6 32. fxe4 Bd2 33. Ra1 Be3+ 34. Kg2 fxe4 35. Bxa6 Bxa6 36. Rxa6 Rd2+ 37. Kf1 Rf2+ 38. Ke1 Rxh2 39. Re6 Bf2+ 40. Kf1 e3 41. Bc5 e2+ 42. Rxe2 Bxg3 43. Rxh2 Bxh2 44. Kg2 Be5 45. c4 Kf7 46. Kf3 Ke6 47. Ke4 h5 48. Bf2 g5 49. Be1 h4 50. Bxh4 gxh4 51. Kf3 Kf5 52. Kg2 Kg4 53. c5 h3+ 54. Kh1 Kf3 55. c6 Bc7 56. Kg1 Ke4 57. Kh1 Kd5 58. Kg1 Kxc6 59. Kh1 1/2-1/2